 Dungeon Sprint DCSS version 0.31-a0-1178-gc5c9b8f871 (webtiles) character file.

Game seed: 12491998766655988245

4 fozzywoppz the Cudgeller (level 1, -9/25 HPs)
             Began as a Demonspawn Gladiator on Dec 12, 2023.
             Mangled by an ice beast (11 damage)
             ... in the Dungeon (Sprint IX: "|||||||||||||||||||||||||||||").
             The game lasted 00:00:28 (43 turns).

fozzywoppz the Cudgeller (Demonspawn Gladiator)       Turns: 43, Time: 00:00:29

Health: -9/25      AC:  4    Str: 14    XL:     1   Next: 58%
Magic:  1/1        EV: 12    Int:  8    God:
Gold:   0          SH:  0    Dex: 14    Spells: 0/0 levels left

rFire   . . .        a - +0 flail
rCold   . . .        (no shield)
rNeg    . . .        b - +0 leather armour
rPois   .            c - +0 helmet
rElec   .            (no cloak)
rCorr   .            (no gloves)
SInv    .            (no boots)
Will    .....        (no amulet) Stlth
                     (no ring)
HPRegen 0.24/turn    (no ring)
MPRegen 0.07/turn

%: no teleportation
@: berserking (expiring), very quick
A: no striking features
a: no special abilities


You were in the Dungeon.
You visited 1 branch

Inventory:

Hand Weapons
 a - a +0 flail (weapon)
Missiles
 d - 3 throwing nets (quivered)
 e - a javelin
Armour
 b - a +0 leather armour (worn)
 c - a +0 helmet (worn)
Scrolls
 k - a scroll of blinking
Potions
 f - a potion of curing
 g - a potion of heal wounds
 h - a potion of haste
 i - 2 potions of magic


   Skills:
 + Level 2.5 Fighting
 + Level 3.1 Maces & Flails
 + Level 2.3 Throwing
 + Level 3.1 Dodging


You couldn't memorise any spells.
You didn't know any spells.
Your spell library was empty.

Dungeon Overview and Level Annotations

Branches:
Dungeon (1/1)

Altars:


Message History

You closely miss the rat.
The rat is severely wounded.
The rat bites you but does no damage.
You barely miss the rat.
The rat is moderately wounded.
The rat barely misses you.
You hit the rat.
You kill the rat!
Items here: ( ) ††.
You start resting.
HP restored.
You open the door.
An ice beast, an orc, a phantom, a gnoll and an iguana come into view.
The iguana hisses angrily.
The orc shouts!
You aren't carrying any items that you can evoke.
A red film seems to cover your vision as you go berserk!
You feel yourself moving faster!
You feel mighty!
You barely miss the ice beast. The ice beast barely misses you.
You thump the ice beast!
The ice beast is severely wounded.
The ice beast hits you. The ice beast freezes you!
You hit the ice beast.
The ice beast is severely wounded.
The ice beast barely misses you.
You hit the ice beast.
The ice beast is almost dead.
The ice beast misses you.
You completely miss the ice beast.
The ice beast is almost dead.
The ice beast hits you. The ice beast freezes you!
* * * LOW HITPOINT WARNING * * *
You barely miss the ice beast.
The ice beast is almost dead.
Unknown command.
You hit the ice beast but do no damage.
The ice beast is almost dead.
The ice beast hits you.
* * * LOW HITPOINT WARNING * * *
The ice beast freezes you!
You die... ▓▓▓▓▓▓▓▓▓▓▓▓▓▓▓▓▓▓ ▓<...))...@YWogl.+ ▓▓▓▓▓▓▓▓▓▓▓▓▓▓▓▓▓▓

You could see an ice beast, a phantom, an iguana, a gnoll and an orc.

Vanquished Creatures
  A ball python (D)
  A goblin (D)
  A kobold (D)
  2 rats (D)
5 creatures vanquished.

Notes
Turn   | Place    | Note
-------+----------+-------------------------------------------
     0 | D        | fozzywoppz the Demonspawn Gladiator began the quest for the
                  | Orb.
     0 | D        | Reached XP level 1. HP: 16/16 MP: 1/1
    35 | D        | Noticed an ice beast
    35 | D        | Noticed a phantom
    35 | D        | Noticed an iguana
    43 | D        | Mangled by an ice beast

Illustrated notes

Levels and vault maps discovered:
D:        linesprint [early_d, line_temple, items_1, d_10, items_2, lair_1,
          lair_end, items_3, orc_1, orc_end, items_4, d_15, swamp_1, shoals_1,
          snake_1, spider_1, d_20, vaults_1, items_5, swamp_end, shoals_end,
          snake_end, spider_end, vaults_end, d_27, items_6, zot_1, zot_end,
          crypt_end, forest_end, elf_end, slime_end, tomb_end, abyss_end,
          pan_hell_end]

Skill      XL: |  1 |
---------------+----+-----
Throwing       | 2 |  2.3
Maces & Flails | 3 |  3.1
Dodging        | 3 |  3.1
Fighting       | |  2.5

Action                     || total
---------------------------++-------
  Melee: Flail             ||    18
    Use: Potion            ||     1
 Armour: Leather armour    ||     9
  Dodge: Dodged            ||     6

Table legend: (Time is in decaauts)
 A = Elapsed time spent in this place.
 B = Non-inter-level travel time spent in this place.
 C = Inter-level travel time spent in this place.
 D = Time resting spent in this place.
 E = Time spent auto-exploring this place.
 F = Levels seen in this place.
 G = Mean time per level.
                   A        B        C        D        E       F      G
               +--------+--------+--------+--------+--------+-----+--------+
         Total |     44 |     44 |      0 |     14 |      0 |   1 |   44.0 |
       Dungeon |     44 |     44 |      0 |     14 |      0 |   1 |   44.0 |
               +--------+--------+--------+--------+--------+-----+--------+

Top non-repeatable levels by time:
       D: 44 daAuts
